 Dungeon Crawl Stone Soup version 0.24-a0-307-gf989941 (webtiles) character file.

Game seed: 13792352400972245951

159 Iscandelvey the Bolt Thrower (level 5, 38/38 HPs)
             Began as a Demonspawn Arcane Marksman on May 12, 2019.
             Quit the game on level 3 of the Dungeon.
             The game lasted 00:01:46 (1548 turns).

Iscandelvey the Bolt Thrower (DsAM)                 Turns: 1548, Time: 00:01:46

Health: 38/38      AC:  2    Str: 10    XL:     5   Next: 17%
Magic:  7/7        EV: 12    Int: 15    God:
Gold:   86         SH:  0    Dex: 14    Spells: 6/7 levels left

rFire    . . .     SeeInvis .   a - +0 hand crossbow
rCold    . . .     Gourm    .   (no shield)
rNeg     . . .     Faith    .   e - +0 robe
rPois    .         Spirit   .   (helmet restricted)
rElec    .         Reflect  .   (no cloak)
rCorr    .         Harm     .   (no gloves)
MR       .....                  (no boots)
Stlth    ++........             (no amulet)
HPRegen  0.12/turn              (no ring)
MPRegen  0.10/turn              (no ring)

@: no status effects
A: antennae 2, nightstalker 1, powered by pain 1
a: no special abilities


You were on level 3 of the Dungeon.
You were hungry.

You visited 1 branch of the dungeon, and saw 3 of its levels.

You collected 86 gold pieces.

Inventory:

Hand Weapons
 a - a +0 hand crossbow (weapon)
Missiles
 d - 28 bolts (quivered)
Armour
 e - a +0 robe (worn)
Wands
 q - a wand of paralysis (11)
Scrolls
 b - 4 scrolls of amnesia {unknown}
 c - 3 scrolls of remove curse {unknown}
 h - a scroll of enchant armour {unknown}
 l - a scroll of teleportation {unknown}
 m - 2 scrolls of identify {unknown}
 o - a scroll of immolation {unknown}
Potions
 g - 3 potions of haste {unknown}
 i - a potion of cancellation {unknown}
 j - a potion of curing {unknown}
 k - a potion of heal wounds {unknown}
 n - a potion of agility {unknown}
 p - 2 potions of brilliance {unknown}
Comestibles
 f - 6 rations


   Skills:
 + Level 2.0 Fighting
 + Level 3.9 Crossbows
 + Level 2.1 Dodging
 + Level 0.5 Stealth
 + Level 1.5 Spellcasting
 + Level 3.3 Hexes


You had 6 spell levels left.
You knew the following spells:

 Your Spells              Type           Power        Failure   Level  Hunger
a - Corona                Hex            ##.....      6%          1    ##.....

Your spell library contained the following spells:

 Spells                   Type           Power        Failure   Level  Hunger
 Slow                     Hex            ##......     9%          2    ###....
 Inner Flame              Hex/Fire       #.......     34%         3    ####...
 Portal Projectile        Hex/Tloc       #.....       34%         3    ####...
 Cause Fear               Hex            ##........   52%         4    #####..
 Leda's Liquefaction      Hex/Erth       #.........   75%         4    #####..


Dungeon Overview and Level Annotations

Branches:
Dungeon (3/15)

Altars:


Innate Abilities, Weirdness & Mutations

You have a pair of antennae on your head.
You are slightly more attuned to the shadows.
You sometimes gain a little power by taking damage.


Message History

Press: ? - help, Shift-Dir - straight line, f - ogre
Aim: an ogre, wielding a +0 giant club You shoot a bolt.
The bolt hits the ogre.
The ogre is lightly wounded.
Firing (i - inventory)
d - 30 bolts (quivered)
Press: ? - help, Shift-Dir - straight line, f/p - ogre
Aim: an ogre, wielding a +0 giant club (lightly wounded)
You shoot a bolt. The bolt hits the ogre!
The ogre is heavily wounded.
An ogre is nearby!
Firing (i - inventory)
d - 29 bolts (quivered)
Press: ? - help, Shift-Dir - straight line, f/p - ogre
Aim: an ogre, wielding a +0 giant club (heavily wounded)
You shoot a bolt. The bolt hits the ogre!
You kill the ogre!
Your Fighting skill increases to level 2!
You have reached level 5!
Your demonic ancestry asserts itself...
You slip into the darkness of the dungeon.
Are you sure you want to abandon this character and quit the game? (Confirm with "yes".)

### #.######### #.........#
#.#######.#################
#.# #.....[...........#
#.#######################.#
.................# #.#
################.# #.#
##### #@########.###....
......(............'....
###.?...########.###....
#.....# #.# #.... .'....(+
#.# #.... ###....(# #.#
#.... (.....( #.# #....
#####... #.# #.... #.#
#....


There were no monsters in sight!

Vanquished Creatures
  An ogre (D:3)
  An adder (D:2)
  An ooze (D:1)
  A dart slug (D:2)
  2 leopard geckos
  4 giant cockroaches
  12 goblins
  4 hobgoblins
  6 jackals (D:2)
  2 quokkas (D:2)
  8 bats
  3 frilled lizards
  4 kobolds (D:2)
  3 rats
52 creatures vanquished.

Notes
Turn   | Place    | Note
-------+----------+-------------------------------------------
     0 | D:1      | Iscandelvey the Demonspawn Arcane Marksman began the quest
                  | for the Orb.
     0 | D:1      | Reached XP level 1. HP: 15/15 MP: 2/2
   143 | D:1      | Gained mutation: You sometimes gain a little power by
                  | taking damage. [demonic ancestry]
   143 | D:1      | Reached XP level 2. HP: 21/21 MP: 2/4
   746 | D:2      | Gained mutation: You have a pair of small antennae on your
                  | head. [demonic ancestry]
   746 | D:2      | Reached XP level 3. HP: 21/26 MP: 5/5
  1239 | D:2      | Gained mutation: You have a pair of antennae on your head.
                  | [demonic ancestry]
  1239 | D:2      | Reached XP level 4. HP: 32/32 MP: 6/6
  1543 | D:3      | Noticed an ogre
  1547 | D:3      | Killed an ogre
  1547 | D:3      | Gained mutation: You are slightly more attuned to the
                  | shadows. [demonic ancestry]
  1547 | D:3      | Reached XP level 5. HP: 38/38 MP: 7/7
  1548 | D:3      | Quit the game

Levels and vault maps discovered:
D:1:      dpeg_arrival_rhombi, layout_basic, chequers_serial_rivers_micro_e
D:2:      layout_rooms, first_ration
D:3:      layout_basic, minmay_misc_feat_columns, hangedman_abyss_or_decor_stabs

Skill      XL: |  1  2  3  4 |
---------------+-------------+-----
Crossbows      | 2 3 |  3.9
Dodging        | 2 |  2.1
Fighting       | 2 |  2.0
Stealth        | |  0.5
Spellcasting   | |  1.5
Hexes          | |  3.3

Action                   |  1- 3 |  4- 6 || total
-------------------------+-------+-------++-------
 Fire: Hand crossbow     |    87 |    23 ||   110
  Eat: Chunk             |       |     1 ||     1
Armor: Robe              |     4 |     5 ||     9
Dodge: Dodged            |    36 |    15 ||    51

Table legend:
 A = Non-vault XP
 B = Vault XP
 C = Vault XP percentage of total XP
 D = Non-vault monster count
 E = Vault monster count
 F = Vault count percentage of total count
                 A         B        C        D         E       F
            +---------+---------+-------+---------+---------+-------
      Total |     228 |       0 |   0.0 |      52 |       0 |   0.0
            +---------+---------+-------+---------+---------+-------
        D:1 |      25 |       0 |   0.0 |      11 |       0 |   0.0
        D:2 |      78 |       0 |   0.0 |      35 |       0 |   0.0
        D:3 |     125 |       0 |   0.0 |       6 |       0 |   0.0
            +---------+---------+-------+---------+---------+-------
